 Dungeon Crawl Stone Soup version 0.30-a0-737-gf23d94013f (webtiles) character file.

Game seed: 15161385305659424989

112 Chromium the Covered (level 4, -2/40 HPs)
             Began as an Armataur Fighter on Feb 1, 2023.
             Slain by an orc
             ... wielding a +0 mace
              (7 damage)
             ... on level 3 of the Dungeon.
             The game lasted 00:06:34 (1660 turns).

Chromium the Covered (Armataur Fighter)             Turns: 1660, Time: 00:06:35

Health: -2/40      AC:  7    Str: 23    XL:     4   Next: 64%
Magic:  4/4        EV:  7    Int:  9    God:
Gold:   108        SH:  4    Dex:  9    Spells: 3/3 levels left

rFire   . . .      SeeInvis .    f - +3 whip (vamp)
rCold   . . .      Faith    .    c - +0 buckler
rNeg    . . .      Spirit   .    b - +0 scale mail
rPois   .          Reflect  .    (no helmet)
rElec   .          Harm     .    (no cloak)
rCorr   .          Roll     +    (no gloves)
Will    .....                    (no barding) Stlth
                                 (no amulet)
HPRegen 0.26/turn                (no ring)
MPRegen 0.09/turn                (no ring)

@: no status effects
A: large, rugged brown scales 3, deformed body, armoured tail, roll, long
tongue, awkward tongue
a: no special abilities


You were on level 3 of the Dungeon.
You visited 1 branch of the dungeon, and saw 3 of its levels.

You collected 108 gold pieces.

Inventory:

Hand Weapons
 f - a +3 vampiric whip (weapon)
 g - a +2 short sword of venom
Armour
 b - a +0 scale mail (worn)
 c - a +0 buckler (worn)
 j - a +1 pair of boots
Scrolls
 e - 2 scrolls of identify {unknown}
Potions
 a - a potion of curing
 d - a potion of might


   Skills:
 + Level 3.1 Fighting
 - Level 1.9 Long Blades
 + Level 1.8 Maces & Flails
 + Level 4.6 Armour
 + Level 0.5 Dodging
 + Level 0.3 Stealth
 + Level 3.8 Shields


You had 3 spell levels left.
You didn't know any spells.
Your spell library contained the following spells:

 Spells                   Type           Power      Damage    Failure   Level
 Cigotuvi's Dreadful Rot  Necr/Pois/Air  0%         N/A       88%         2
 Poisonous Vapours        Pois/Air       0%         N/A       88%         2
 Mephitic Cloud           Conj/Pois/Air  0%         N/A       98%         3


Dungeon Overview and Level Annotations

Branches:
Dungeon (3/15)

Altars:
Hepliaklqana
Uskayaw


Innate Abilities, Weirdness & Mutations

You are completely covered in rugged brown scales. (AC +3, +7% HP)
Armour fits poorly on your strangely shaped body.
You have a long armoured tail.
You roll when moving toward enemies. (Rampage)
Your long tongue fully drains potion bottles. (2x potion effects)
Your tongue gives you trouble enunciating. (1.5x scroll delay)


Message History

The giant cockroach is severely wounded.
The giant cockroach closely misses you.
You completely miss the giant cockroach.
The giant cockroach is severely wounded.
The giant cockroach bites you but does no damage.
You closely miss the giant cockroach. You tail-slap the giant cockroach.
You kill the giant cockroach!
You roll towards the orc!
You whack the orc!
You kill the orc!
You roll towards the orc!
The orc shouts!
You hear a shout!
The orc hits you with a +0 club.
* * * LOW HITPOINT WARNING * * *
An orc comes into view. It is wielding a +0 mace.
You hit the orc.
You feel better.
The orc is heavily wounded.
The orc barely misses you.
You whack the orc!
You feel better.
You kill the orc!
You roll towards the orc!
The orc hits you with a +2 trident of protection.
You hit the orc.
You feel better.
The orc is heavily wounded.
The orc hits you with a +2 trident of protection.
* * * LOW HITPOINT WARNING * * *
You hit the orc.
You feel better.
The orc is severely wounded.
The orc barely misses you.
The orc hits you with a +2 trident of protection.
* * * LOW HITPOINT WARNING * * *
You closely miss the orc.
The orc is severely wounded.
The orc hits you with a +2 trident of protection.
* * * LOW HITPOINT WARNING * * *
The orc hits you with a +0 mace.
* * * LOW HITPOINT WARNING * * *
You hit the orc.
You feel better.
You kill the orc!
The orc hits you with a +0 mace!
You die...

###.# ....#....##..#.##....#
..#.# #.##.#....##....##.....
#.#.#######.#..#....##..#########
#...##...##.#..#.#..##..######
##..##.#.##....#†#............
#......#...##...)#.....<......
#.###....#.##..#....##........
#.#..#.#.#.###.#)#............
.....#...#......@#.(#.........
#.#.##...####.##)o..#.........
#.#. ......(#.#....#....#.####
#.####.#......#..#####....#
#.####.#.##......# .#.
.......#.#.......##
##.#........))....#
#.#.......).#.#..#
#.#...........#..#


You could see an orc.

Vanquished Creatures
  Terence (D:2)
  4 gnolls (D:3)
  A worm (D:2)
  3 orcs (D:3)
  4 endoplasms
  2 giant cockroaches
  3 goblins
  3 hobgoblins
  4 jackals (D:1)
  A quokka (D:1)
  2 ball pythons
  3 bats
  13 frilled lizards
  A kobold (D:2)
  3 rats
48 creatures vanquished.

Vanquished Creatures (others)
  9 plants (D:2)
9 creatures vanquished.

Grand Total: 57 creatures vanquished

Notes
Turn   | Place    | Note
-------+----------+-------------------------------------------
     0 | D:1      | Chromium the Armataur Fighter began the quest for the Orb.
     0 | D:1      | Reached XP level 1. HP: 19/19 MP: 1/1
    92 | D:1      | Reached XP level 2. HP: 26/26 MP: 2/2
   740 | D:2      | Reached skill level 4 in Armour
   804 | D:2      | Reached XP level 3. HP: 33/33 MP: 3/3
   940 | D:2      | Noticed Terence
   948 | D:2      | Killed Terence
   949 | D:2      | Reached skill level 1 in Maces & Flails
  1100 | D:2      | Identified the +0 leather armour "Ziome" {rC+}
  1434 | D:2      | You fall into a shaft and drop 1 floor!
  1438 | D:3      | Found a hide-covered altar of Uskayaw.
  1438 | D:3      | Found a hazy altar of Hepliaklqana.
  1584 | D:3      | Reached XP level 4. HP: 30/40 MP: 4/4
  1597 | D:3      | HP: 1/40 [gnoll/+0 whip (6)]
  1660 | D:3      | Slain by an orc

Illustrated notes

Levels and vault maps discovered:
D:1:      ncdulo_watergridlock, layout_rooms, serial_curves, eino_curves_03,
          eino_curves_01, minmay_cut_off
D:2:      layout_loops_ring, minmay_lizard_king, uniq_terence
D:3:      layout_basic, jmf_multi_god_temple, minmay_misc_feat_doors

Skill      XL: |  1  2  3 |
---------------+----------+-----
Fighting       | 3 |  3.1
Armour         | 4 |  4.6
Maces & Flails | 1 |  1.8
Long Blades    | |  1.9
Dodging        | |  0.5
Stealth        | |  0.3
Shields        | |  3.8

Action                     |  1- 3 |  4- 6 || total
---------------------------+-------+-------++-------
  Melee: Long sword        |    39 |       ||    39
         Whip              |    85 |    26 ||   111
         Tailslap          |    11 |     3 ||    14
    Use: Scroll            |     4 |       ||     4
         Potion            |     3 |       ||     3
 Armour: Scale mail        |    78 |     6 ||    84
  Dodge: Dodged            |    53 |     9 ||    62
  Block: Buckler           |    29 |     8 ||    37

Table legend: (Time is in decaauts)
 A = Elapsed time spent in this place.
 B = Non-inter-level travel time spent in this place.
 C = Inter-level travel time spent in this place.
 D = Time resting spent in this place.
 E = Time spent auto-exploring this place.
 F = Levels seen in this place.
 G = Mean time per level.
                   A        B        C        D        E       F      G
               +--------+--------+--------+--------+--------+-----+--------+
         Total |   1665 |   1552 |    113 |      0 |   1180 |   3 |  555.0 |
       Dungeon |   1665 |   1552 |    113 |      0 |   1180 |   3 |  555.0 |
               +--------+--------+--------+--------+--------+-----+--------+

Top non-repeatable levels by time:
     D:2: 827 daAuts
     D:1: 626 daAuts
     D:3: 211 daAuts
